 Dungeon Crawl Stone Soup version 0.14-a0-2950-gbe29d66 (webtiles) character file.

169 Kae the Poker (level 4, 0/39 HPs)
             Began as a Naga Gladiator on Mar 4, 2014.
             Slain by an orc
             ... wielding a +0,+0 flail of protection
              (3 damage)
             ... on Level 2 of the Dungeon.
             The game lasted 00:03:07 (2170 turns).

Kae the Poker (Naga Gladiator)                      Turns: 2170, Time: 00:03:07

HP   0/39        AC  3     Str 19      XL: 4   Next: 51%
MP   4/4         EV 10     Int  8      God:
Gold 82          SH  0     Dex 11      Spells:  0 memorised,  3 levels left

rFire  . . .     SeeInvis +     a - +1,+0 trident
rCold  . . .     Clarity  +     b - +0 leather armour
rNeg   . . .     Conserve .     (no shield)
rPois  +         rCorr    .     c - +0 helmet
rElec  .         rRot     .     (no cloak)
SustAb . .       Spirit   .     (no gloves)
rMut   .         Warding  .     (no barding)
Saprov . . .     Stasis   .     l - amulet of clarity
MR     .....                    (no ring)
                                (no ring)

@: very slow, not resistant to hostile enchantments, very unstealthy
A: spit poison, see invisible, deformed body, poison resistance, slowness 2, AC
+1
a: Spit Poison


You were on level 2 of the Dungeon.
You were not hungry.

You visited 1 branch of the dungeon, and saw 3 of its levels.

You collected 82 gold pieces.

Inventory:

Hand weapons
 a - a +1,+0 trident (weapon)
Missiles
 d - 3 throwing nets (quivered)
Armour
 b - a +0 leather armour (worn)
 c - a +0 helmet (worn)
Comestibles
 f - 2 bread rations
 k - a choko
 p - a meat ration
Scrolls
 n - a scroll of recharging
 o - a scroll of enchant weapon I
Jewellery
 e - an uncursed ring of ice {unknown}
 l - an amulet of clarity (around neck)
Potions
 i - a potion of curing {unknown}


   Skills:
 - Level 2.0 Fighting
 + Level 5.1 Polearms
 - Level 1.7 Throwing
 - Level 2.4 Dodging


You had 3 spell levels left.
You didn't know any spells.

Dungeon Overview and Level Annotations

Branches:
Dungeon (3/16)

Altars:
Xom


Innate Abilities, Weirdness & Mutations

You cannot wear boots.
You can spit poison.
Your serpentine skin is tough (AC +1).
You have supernaturally acute eyesight.
Armour fits poorly on your strangely shaped body.
Your system is resistant to poisons.
You cover ground very slowly.


Message History

The rat bites you but does no damage. The orc hits you with a runed flail!
You climb upwards.
There is a stone staircase leading down here.
You are too injured to fight recklessly!
You are too injured to fight recklessly!
You are too injured to fight recklessly!
You barely miss the orc. The rat closely misses you.
The orc hits you with a runed flail.
* * * LOW HITPOINT WARNING * * *
You hit the orc but do no damage. The rat barely misses you.
You barely miss the orc. The orc hits you with a runed flail.
* * * LOW HITPOINT WARNING * * *
The rat bites you but does no damage.
Your leather armour prevents you from hitting the orc.
The orc closely misses you. The rat bites you.
* * * LOW HITPOINT WARNING * * *
You hit the rat.
You kill the rat!
The orc hits you with a runed flail.
You die...

.................................
..#####.###.....#.###............
..............#........#.........
######'#....#.......#.......####.
# #..............%.........####.
####...........##.>..............
...............#.................
..............[#o...####...#####.
...............#@................
......................##...#####.
.........#'##.#...#........# #.
.........#.##......>......######.
.........+......#.#.####.........
.........#.#..............#######
#.########.#....#.#.#####........
#.# #.#.#....#.# #########
#.########.#.#......#


You could see an orc.

Vanquished Creatures
  The ghost of Kae the Cudgeler, a weakling NaGl (D:3)
  4 adders
  5 hobgoblins
  A quokka (D:2)
  2 bats
  2 giant cockroaches (D:2)
  3 giant geckos
  A giant newt (D:1)
  5 goblins
  6 kobolds
  10 rats
40 creatures vanquished.

Notes
Turn   | Place    | Note
--------------------------------------------------------------
     0 | D:1      | Kae, the Naga Gladiator, began the quest for the Orb.
     0 | D:1      | Reached XP level 1. HP: 19/19 MP: 1/1
   597 | D:1      | Reached XP level 2. HP: 19/26 MP: 2/2
   645 | D:1      | Found a shimmering altar of Xom.
   915 | D:2      | Reached skill level 4 in Polearms
   915 | D:2      | Reached XP level 3. HP: 8/32 MP: 3/3
  1756 | D:2      | Reached XP level 4. HP: 32/39 MP: 4/4
  2048 | D:3      | Noticed Kae's ghost (weakling NaGl)
  2076 | D:3      | Killed Kae's ghost
  2076 | D:3      | Reached skill level 5 in Polearms
  2170 | D:2      | Slain by an orc

Action                   |  1- 3 |  4- 6 || total
-------------------------+-------+-------++-------
Melee: Trident           |   126 |    52 ||   178
 Abil: Spit Poison       |     1 |       ||     1
  Use: Scroll            |       |     6 ||     6
       Potion            |       |     1 ||     1
